TOP OF THE 1ST |
---|
Huntsville HS Wasps batting - Pitching for Billings West HS Golden Bears : RHP Dave Howell | Pitching: RHP Dave Howell | | Batting: RHB Esteban Garza | 0-0: Called Strike 0-1: Fly out, F8 (Flyball, 89D) | Batting: RHB Jim Mak | 0-0: Ball 1-0: Foul Ball, location: 2F 1-1: Foul Ball, location: 2F 1-2: Ball 2-2: SINGLE (Groundball, 34D) | Batting: RHB David Kemp | 0-0: Ball 1-0: Foul Ball, location: 2F 1-1: Ball 2-1: Foul Ball, location: 2F 2-2: Ball 3-2: Fly out, F5 (Popup, 15S) | Batting: SHB Al Swanson | 0-0: SINGLE (Groundball, 56D) Jim Mak to second | Batting: RHB Travis Baker | 0-0: Ball 1-0: Ball 2-0: Ball 3-0: Called Strike 3-1: Called Strike 3-2: DOUBLE (Flyball, 8RXD) Jim Mak scores Al Swanson to third Al Swanson scores | Batting: RHB Mike Kennedy | 0-0: Called Strike 0-1: Called Strike 0-2: Ball 1-2: Ball 2-2: Ball 3-2: Base on Balls | Batting: RHB John O'Savage | 0-0: Called Strike 0-1: Foul Ball, location: 2F 0-2: Ball 1-2: Ball 2-2: Strikes out swinging | Top of the 1st over - 2 runs, 3 hits, 0 errors, 2 left on base; Huntsville HS 2 - Billings West HS 0 | BOTTOM OF THE 1ST |
---|
Billings West HS Golden Bears batting - Pitching for Huntsville HS Wasps : RHP Tom Basano | Pitching: RHP Tom Basano | | Batting: RHB Larry Olson | 0-0: Ball 1-0: Ball 2-0: Called Strike 2-1: Foul Ball, location: 2F 2-2: Ball 3-2: Base on Balls | Batting: LHB Cristián Paredes | 0-0: Ball 1-0: Foul Ball, location: 2F 1-1: Called Strike 1-2: Strikes out looking | Batting: RHB Curt Sinclair | 0-0: Ball 1-0: Fly out, F7 (Flyball, 7S) | Batting: LHB Carter Coleman | 0-0: Called Strike 0-1: Ball 1-1: Called Strike 1-2: Ball 2-2: Ball 3-2: Base on Balls Larry Olson to second | Batting: LHB Simon Morin | 0-0: Ball 1-0: Foul Ball, location: 2F 1-1: Ball 2-1: Ball 3-1: DOUBLE (Groundball, 3L) Larry Olson scores Carter Coleman to third Runner from 3rd tries for Home, SAFE, throw made at trailing runner, OUT at third! | Bottom of the 1st over - 2 runs, 1 hit, 0 errors, 0 left on base; Huntsville HS 2 - Billings West HS 2 | TOP OF THE 2ND |
---|
Huntsville HS Wasps batting - Pitching for Billings West HS Golden Bears : RHP Dave Howell | Batting: RHB Jorge Cortéz | 0-0: Called Strike 0-1: Ball 1-1: Foul Ball, location: 2F 1-2: Strikes out looking | Batting: RHB Dave Stroud | 0-0: Ball 1-0: Called Strike 1-1: Ball 2-1: Foul Ball, location: 2F 2-2: Ball 3-2: Base on Balls | Batting: RHB Esteban Garza | 0-0: Ball 1-0: Foul Ball, location: 2F 1-1: Foul Ball, location: 2F 1-2: Fly out, F8 (Line Drive, 8RS) | Batting: RHB Jim Mak | 0-0: Called Strike 0-1: Ground out 4-3 (Groundball, 4) | Top of the 2nd over - 0 runs, 0 hits, 0 errors, 1 left on base; Huntsville HS 2 - Billings West HS 2 | BOTTOM OF THE 2ND |
---|
Billings West HS Golden Bears batting - Pitching for Huntsville HS Wasps : RHP Tom Basano | Batting: RHB Rob Miller | 0-0: Fly out, F9 (Flyball, 9S) | Batting: LHB Alberto Pérez | 0-0: Ball 1-0: Ball 2-0: Ball 3-0: Called Strike 3-1: Swinging Strike 3-2: Foul Ball, location: 2F 3-2: Ground out 2-3 (Groundball, 2L) | Batting: RHB Rod Zamora | 0-0: Swinging Strike 0-1: DOUBLE (Groundball, 3L) | Batting: SHB Christian Goodwin | 0-0: Ball 1-0: Foul Ball, location: 2F 1-1: Foul Ball, location: 2F 1-2: Strikes out swinging | Bottom of the 2nd over - 0 runs, 1 hit, 0 errors, 1 left on base; Huntsville HS 2 - Billings West HS 2 | TOP OF THE 3RD |
---|
Huntsville HS Wasps batting - Pitching for Billings West HS Golden Bears : RHP Dave Howell | Batting: RHB David Kemp | 0-0: Called Strike 0-1: Foul Ball, location: 2F 0-2: Ball 1-2: Foul Ball, location: 2F 1-2: Ground out 4-3 (Groundball, 4) | Batting: SHB Al Swanson | 0-0: Swinging Strike 0-1: Ball 1-1: Called Strike 1-2: Foul Ball, location: 2F 1-2: Ball 2-2: Strikes out swinging | Batting: RHB Travis Baker | 0-0: Ball 1-0: Fly out, F3 (Popup, 3SF) | Top of the 3rd over - 0 runs, 0 hits, 0 errors, 0 left on base; Huntsville HS 2 - Billings West HS 2 | BOTTOM OF THE 3RD |
---|
Billings West HS Golden Bears batting - Pitching for Huntsville HS Wasps : RHP Tom Basano | Batting: RHB Larry Olson | 0-0: Ball 1-0: Foul Ball, location: 2F 1-1: Swinging Strike 1-2: Foul Ball, location: 2F 1-2: Ball 2-2: Foul Ball, location: 2F 2-2: Ball 3-2: Ground out 5-3 (Groundball, 56) | Batting: LHB Cristián Paredes | 0-0: Ball 1-0: Ball 2-0: Foul Ball, location: 2F 2-1: Ground out 6-3 (Groundball, 6) | Batting: RHB Curt Sinclair | 0-0: Ball 1-0: Ball 2-0: SINGLE (Groundball, 56D) | Batting: LHB Carter Coleman | 0-0: Ball 1-0: Foul Ball, location: 2F 1-1: Ball 2-1: Ball 3-1: Foul Ball, location: 2F 3-2: Foul Ball, location: 2F 3-2: Base on Balls Curt Sinclair to second | Batting: LHB Simon Morin | 0-0: 3-RUN HOME RUN (Flyball, 9LD), Distance : 362 ft | Batting: RHB Rob Miller | 0-0: Ball 1-0: Ball 2-0: Foul Ball, location: 2F 2-1: Foul Ball, location: 2F 2-2: Strikes out swinging | Bottom of the 3rd over - 3 runs, 2 hits, 0 errors, 0 left on base; Huntsville HS 2 - Billings West HS 5 | TOP OF THE 4TH |
---|
Huntsville HS Wasps batting - Pitching for Billings West HS Golden Bears : RHP Dave Howell | Batting: RHB Mike Kennedy | 0-0: SINGLE (Line Drive, 8LS) | Batting: RHB John O'Savage | 0-0: Ball 1-0: Ball Mike Kennedy is caught stealing 2nd base 2-0: Ball 3-0: Called Strike 3-1: Called Strike 3-2: Foul Ball, location: 2F 3-2: Foul Ball, location: 2F 3-2: Foul Ball, location: 2F 3-2: Base on Balls | Batting: RHB Jorge Cortéz | 0-0: Ball 1-0: Foul Ball, location: 2F 1-1: Fly out, F7 (Flyball, 78S) | Batting: RHB Dave Stroud | 0-0: Called Strike 0-1: Swinging Strike 0-2: Fly out, F8 (Flyball, 89M) | Top of the 4th over - 0 runs, 1 hit, 0 errors, 1 left on base; Huntsville HS 2 - Billings West HS 5 | BOTTOM OF THE 4TH |
---|
Billings West HS Golden Bears batting - Pitching for Huntsville HS Wasps : RHP Tom Basano | Batting: LHB Alberto Pérez | 0-0: Fly out, F7 (Flyball, 7D) | Batting: RHB Rod Zamora | 0-0: Ball 1-0: Ball 2-0: Ball 3-0: Called Strike 3-1: Swinging Strike 3-2: Base on Balls | Batting: SHB Christian Goodwin | 0-0: Ball 1-0: Ball 2-0: Called Strike 2-1: Foul Ball, location: 2F 2-2: Foul Ball, location: 2F 2-2: Foul Ball, location: 2F 2-2: Foul Ball, location: 2F 2-2: Ball 3-2: Base on Balls Rod Zamora to second | Pitching: RHP Tim Bannatyne | | Batting: RHB Larry Olson | 0-0: Called Strike 0-1: Swinging Strike 0-2: Strikes out looking | Batting: LHB Cristián Paredes | 0-0: Ball 1-0: Ball 2-0: Called Strike 2-1: Foul Ball, location: 2F 2-2: Ball 3-2: Base on Balls Rod Zamora to third Christian Goodwin to second | Batting: RHB Curt Sinclair | 0-0: Fly out, F9 (Flyball, 89S) | Bottom of the 4th over - 0 runs, 0 hits, 0 errors, 3 left on base; Huntsville HS 2 - Billings West HS 5 | TOP OF THE 5TH |
---|
Huntsville HS Wasps batting - Pitching for Billings West HS Golden Bears : RHP Dave Howell | Batting: RHB Esteban Garza | 0-0: Swinging Strike 0-1: Ball 1-1: Foul Ball, location: 2F 1-2: Strikes out swinging | Pitching: LHP Brad Crockett | | Batting: RHB Jim Mak | 0-0: Ball 1-0: Ball 2-0: Called Strike 2-1: Foul Ball, location: 2F 2-2: Foul Ball, location: 2F 2-2: Foul Ball, location: 2F 2-2: Foul Ball, location: 2F 2-2: Foul Ball, location: 2F 2-2: Ball 3-2: Base on Balls | Batting: RHB David Kemp | 0-0: Ball 1-0: Called Strike 1-1: Ball 2-1: SINGLE (Line Drive, 5) Jim Mak to second | Batting: SHB Al Swanson | 0-0: Ball 1-0: Grounds into double play, 4-6-3 (Groundball, 4) | Top of the 5th over - 0 runs, 1 hit, 0 errors, 1 left on base; Huntsville HS 2 - Billings West HS 5 | BOTTOM OF THE 5TH |
---|
Billings West HS Golden Bears batting - Pitching for Huntsville HS Wasps : RHP Tim Bannatyne | Batting: LHB Carter Coleman | 0-0: Called Strike 0-1: Ball 1-1: Ball 2-1: Ball 3-1: Foul Ball, location: 2F 3-2: Strikes out swinging | Batting: LHB Simon Morin | 0-0: Called Strike 0-1: Ball 1-1: Foul Ball, location: 2F 1-2: Ground out 6-3 (Groundball, 6M) | Batting: RHB Rob Miller | 0-0: Ground out 6-3 (Groundball, 6MD) | Bottom of the 5th over - 0 runs, 0 hits, 0 errors, 0 left on base; Huntsville HS 2 - Billings West HS 5 | TOP OF THE 6TH |
---|
Huntsville HS Wasps batting - Pitching for Billings West HS Golden Bears : LHP Brad Crockett | Batting: RHB Travis Baker | 0-0: Ball 1-0: Foul Ball, location: 2F 1-1: Foul Ball, location: 2F 1-2: Ball 2-2: Ball 3-2: Foul Ball, location: 2F 3-2: Foul Ball, location: 2F 3-2: Fly out, F3 (Line Drive, 3) | Batting: RHB Mike Kennedy | 0-0: Called Strike 0-1: Ball 1-1: Foul Ball, location: 2F 1-2: Strikes out swinging | Batting: RHB John O'Savage | 0-0: Ball 1-0: Called Strike 1-1: Foul Ball, location: 2F 1-2: Ball 2-2: Strikes out looking | Top of the 6th over - 0 runs, 0 hits, 0 errors, 0 left on base; Huntsville HS 2 - Billings West HS 5 | BOTTOM OF THE 6TH |
---|
Billings West HS Golden Bears batting - Pitching for Huntsville HS Wasps : RHP Tim Bannatyne | Batting: LHB Alberto Pérez | 0-0: Fly out, F6 (Popup, 6) | Batting: RHB Rod Zamora | 0-0: Swinging Strike 0-1: Ball 1-1: Foul Ball, location: 2F 1-2: Foul Ball, location: 2F 1-2: Ball 2-2: DOUBLE (Line Drive, 5D) | Batting: SHB Christian Goodwin | 0-0: Called Strike 0-1: Foul Ball, location: 2F 0-2: Ball 1-2: Ball 2-2: DOUBLE (Flyball, 78D) Rod Zamora scores | Batting: RHB Larry Olson | 0-0: Called Strike 0-1: Swinging Strike 0-2: Foul Ball, location: 2F 0-2: Ball 1-2: Strikes out looking | Batting: LHB Cristián Paredes | 0-0: Intentional Walk | Batting: RHB Curt Sinclair | 0-0: Ball Christian Goodwin is caught stealing 3rd base | Bottom of the 6th over - 1 run, 2 hits, 0 errors, 1 left on base; Huntsville HS 2 - Billings West HS 6 | TOP OF THE 7TH |
---|
Huntsville HS Wasps batting - Pitching for Billings West HS Golden Bears : LHP Brad Crockett | Batting: RHB Jorge Cortéz | 0-0: Called Strike 0-1: Called Strike 0-2: Ball 1-2: Strikes out swinging | Batting: RHB Dave Stroud | 0-0: Ball 1-0: Called Strike 1-1: Ball 2-1: Ball 3-1: SINGLE (Groundball, 56D) | Batting: RHB Esteban Garza | 0-0: Called Strike 0-1: Foul Ball, location: 2F 0-2: DOUBLE (Flyball, 89D) Dave Stroud to third Runner from 3rd tries for Home, throw and OUT! | Batting: RHB Jim Mak | 0-0: Foul Ball, location: 2F 0-1: Ball 1-1: Ball Wild Pitch! Esteban Garza to third 2-1: Ball 3-1: Foul Ball, location: 2F 3-2: Base on Balls | Batting: RHB David Kemp | 0-0: Fly out, F8 (Line Drive, 78M) | Top of the 7th over - 0 runs, 2 hits, 0 errors, 2 left on base; Huntsville HS 2 - Billings West HS 6 | BOTTOM OF THE 7TH |
---|
Billings West HS Golden Bears batting - Pitching for Huntsville HS Wasps : RHP Tim Bannatyne | Batting: RHB Curt Sinclair | 0-0: Fly out, F9 (Flyball, 9S) | Batting: LHB Carter Coleman | 0-0: Called Strike 0-1: Ball 1-1: Ball 2-1: Called Strike 2-2: Foul Ball, location: 2F 2-2: Fly out, F9 (Flyball, 9S) | Batting: LHB Simon Morin | 0-0: Ball 1-0: Ball 2-0: Foul Ball, location: 2F 2-1: Fly out, F9 (Flyball, 89M) | Bottom of the 7th over - 0 runs, 0 hits, 0 errors, 0 left on base; Huntsville HS 2 - Billings West HS 6 | TOP OF THE 8TH |
---|
Huntsville HS Wasps batting - Pitching for Billings West HS Golden Bears : LHP Brad Crockett | Batting: SHB Al Swanson | 0-0: Ball 1-0: Ball 2-0: Foul Ball, location: 2F 2-1: Ball 3-1: SINGLE (Flyball, 78S) | Batting: RHB Travis Baker | 0-0: Ball 1-0: Ball 2-0: SINGLE (Groundball, 6MD) Al Swanson to second | Batting: RHB Mike Kennedy | 0-0: Ball 1-0: Grounds into double play, 6-4-3 (Groundball, 6) Al Swanson to third | Pitching: LHP Greg Younger | | Batting: RHB John O'Savage | 0-0: Ball 1-0: Called Strike 1-1: 2-RUN HOME RUN (Flyball, 9D), Distance : 398 ft | Batting: RHB Jorge Cortéz | 0-0: Swinging Strike 0-1: Ball 1-1: Swinging Strike 1-2: Fly out, F3 (Popup, 3) | Top of the 8th over - 2 runs, 3 hits, 0 errors, 0 left on base; Huntsville HS 4 - Billings West HS 6 | BOTTOM OF THE 8TH |
---|
Billings West HS Golden Bears batting - Pitching for Huntsville HS Wasps : RHP Tim Bannatyne | Batting: RHB Rob Miller | 0-0: Ball 1-0: Ball 2-0: Foul Ball, location: 2F 2-1: Foul Ball, location: 2F 2-2: Foul Ball, location: 2F 2-2: Foul Ball, location: 2F 2-2: Ball 3-2: Strikes out swinging | Batting: LHB Alberto Pérez | 0-0: Called Strike 0-1: Fly out, F4 (Line Drive, 4) | Batting: RHB Rod Zamora | 0-0: Called Strike 0-1: Ball 1-1: Foul Ball, location: 2F 1-2: Ball 2-2: Strikes out looking | Bottom of the 8th over - 0 runs, 0 hits, 0 errors, 0 left on base; Huntsville HS 4 - Billings West HS 6 | TOP OF THE 9TH |
---|
Huntsville HS Wasps batting - Pitching for Billings West HS Golden Bears : LHP Greg Younger | Batting: RHB Dave Stroud | 0-0: Ball 1-0: Called Strike 1-1: Swinging Strike 1-2: Fly out, F6 (Popup, P) | Batting: RHB Esteban Garza | 0-0: Called Strike 0-1: Foul Ball, location: 2F 0-2: Ball 1-2: Ball 2-2: Strikes out looking | Batting: RHB Jim Mak | 0-0: Called Strike 0-1: Ball 1-1: Ball 2-1: Ball 3-1: Base on Balls | Batting: RHB David Kemp | 0-0: Called Strike 0-1: Ground out 4-3 (Groundball, 4S) | Top of the 9th over - 0 runs, 0 hits, 0 errors, 1 left on base; Huntsville HS 4 - Billings West HS 6 | |